 Dungeon Crawl Stone Soup version 0.21-a0-238-geb0acef (webtiles) character file.

5 Gorglomux the Magician (level 1, 0/11 HPs)
             Began as a Deep Elf Transmuter on Sept 2, 2017.
             Slain by a kobold
             ... wielding a +0 short sword
              (4 damage)
             ... on level 1 of the Dungeon.
             The game lasted 00:00:19 (262 turns).

Gorglomux the Magician (Deep Elf Transmuter)         Turns: 262, Time: 00:00:20

Health: 0/11       AC:  3    Str:  7    XL:     1   Next: 66%
Magic:  5/6        EV: 13    Int: 17    God:
Gold:   10         SH:  0    Dex: 15    Spells: 5/6 levels left

rFire    . . .     SeeInvis .     - Unarmed
rCold    . . .     Gourm    .   (no shield)
rNeg     . . .     Faith    .   b - +0 robe
rPois    .         Spirit   .   (no helmet)
rElec    .         Reflect  .   (no cloak)
rCorr    .         Harm     .   (no gloves)
MR       .....                  (no boots)
Stlth    +.........             (no amulet)
HPRegen  0.03/turn              g - +1 ring of protection
MPRegen  0.10/turn              (no ring)

@: appendage
A: horns 2
a: End Transformation


You were on level 1 of the Dungeon.
You were not hungry.
You had grown temporary horns.
You visited 1 branch of the dungeon, and saw 1 of its levels.

You collected 10 gold pieces.

Inventory:

Missiles
 a - 12 arrows
Armour
 b - a +0 robe (worn)
Jewellery
 g - a +1 ring of protection (left hand)
Books
 c - a book of Changes

   Spells                             Type                      Level
   a - Beastly Appendage              Transmutation                1
   b - Sticks to Snakes               Transmutation                2
   c - Spider Form                    Transmutation/Poison         3
   d - Ice Form                       Ice/Transmutation            4
   e - Blade Hands                    Transmutation                5
Comestibles
 d - a bread ration
 f - 2 chunks of flesh


   Skills:
 - Level 0.7 Fighting
 - Level 2.4 Dodging
 - Level 2.4 Unarmed Combat
 + Level 3.4 Spellcasting
 + Level 2.4 Transmutations


You had 5 spell levels left.
You knew the following spells:

 Your Spells              Type           Power        Failure   Level  Hunger
a - Beastly Appendage     Tmut           ##....       6%          1    None


Dungeon Overview and Level Annotations

Branches:
Dungeon (1/15)

Altars:


Innate Abilities, Weirdness & Mutations

You have a pair of horns on your head.


Message History

You barely miss the goblin! You headbutt the goblin!
You annihilate the goblin!!!
You pummel the kobold but do no damage! The kobold hits you but does no damage!
You barely miss the kobold!
Your butts disappear!
The kobold barely misses you!
You barely miss the kobold! The kobold butts you with a dagger!
You are butt injured to butt recklessly!!!
You are too injured to fight recklessly!!!
Casting: Beastly Appendage
Confirm with ! or Enter, or press ? or * to list all spells!
You grow a butt of large bovine horns!
The kobold barely misses you!
You beat the kobold but butt no damage!
The kobold closely misses you!
You beat the kobold into a bloody pulp!
The kobold is severely wounded!
The kobold hits you but does no damage!
You beat the kobold into a bloody pulp!
You annihilate the kobold!!!
Butt barely miss the kobold!
The kobold hits you with a short sword! rip

### ..# #.# . ##.# .. ##
..# ##?#$##.#
#.....#%##################
#..((..K@.............#
#...##(################.#
#...# #.# #.# ##. #.# #.#
... #.# #.# #.# #.# #.#
... ########.# .........#


You could see a kobold.

Vanquished Creatures
  A giant cockroach (D:1)
  A goblin (D:1)
  A kobold (D:1)
  A frilled lizard (D:1)
  A rat (D:1)
5 creatures vanquished.

Notes
Turn   | Place    | Note
-------+----------+-------------------------------------------
     0 | D:1      | Gorglomux the Deep Elf Transmuter began the quest for the Orb.
     0 | D:1      | Reached XP level 1. HP: 11/11 MP: 6/6
   262 | D:1      | Slain by a kobold

Vault maps used:
D:1:      dpeg_arrival_arbitrary_a, minmay_tall_x

Action                   || total
-------------------------++-------
Melee: Unarmed           ||    23
       Headbutt          ||     2
 Cast: Beastly Appendage ||     4
Armor: Robe              ||     4
Dodge: Dodged            ||    12

Table legend:
 A = Spawn XP
 B = Non-spawn XP
 C = Spawn XP percentage of total XP
 D = Spawn monster count
 E = Non-spawn monster count
 F = Spawn count percentage of total count
 G = Total turns spent on level
                    A         B        C        D         E        F      G
               +---------+---------+-------+---------+---------+-------+---------
         Total |       0 |       8 |   0.0 |       0 |       5 |   0.0 |   262
               +---------+---------+-------+---------+---------+-------+---------
           D:1 |       0 |       8 |   0.0 |       0 |       5 |   0.0 |   262
               +---------+---------+-------+---------+---------+-------+---------
